AoeStats
← Iberbulk

Arena

510271119Analyzed
1v1 RM · 24h ago on Sep 30, 2026· 47m 52s· 2 players
Game mode
Random Map
Map size
Tiny (2 player)
Population
200
Speed
Normal
Resources
Standard
Victory
Conquest
Starting age
Dark Age
Ending age
Imperial Age
RankedLock teamsTeams togetherTeam positionsShared explorationLock speedFull tech treeHidden civsTurbo modeCheats
Victory
Defeat
🇩🇪 Bengalis · Germany
1057
+18
🇪🇸 Bohemians · Spain
1092
-18
Zuckerstange
10:04 Feudal Age
9:43 Loom
14:00 Castle Age
12:08 Double-Bit Axe
13:48 Horse Collar
18:24 Sanctity
19:16 Redemption
27:37 Fletching
28:40 Atonement
33:33 Imperial Age
33:57 Bodkin Arrow
37:36 Wheelbarrow
40:35 Bracer
41:45 Hand Cart
43:57 Town Watch
47:38 Block Printing
47:49 Illumination
48:00 Theocracy
48:34 Bow Saw
Iberbulk
9:02 Loom
10:54 Feudal Age
15:58 Castle Age
13:55 Horse Collar
23:24 Fervor
29:43 Atonement
30:55 Murder Holes
31:37 Atonement
38:51 Imperial Age
36:43 Crossbowman
39:35 Wheelbarrow
39:16 Fletching
45:08 Ballistics
Connection lost

Rejoining the realm…

Still unreachable

The connection could not be restored.

Session expired

The server has moved on; the page needs a fresh start.